 Dungeon Crawl Stone Soup version 0.26-a0-1222-g14533b3512 (webtiles) character file.

Game seed: 3862347708904993469

82562 tilp the Bludgeoner (level 15, -26/163 HPs)
             Began as an Ogre Abyssal Knight on Dec 31, 2020.
             Was the Champion of Lugonu.
             Annihilated by a reaper
             ... wielding a +2 scythe of protection
              (45 damage)
             ... in a Gauntlet.
             The game lasted 01:01:11 (35891 turns).

tilp the Bludgeoner (Ogre Abyssal Knight)          Turns: 35891, Time: 01:01:12

Health: -26/163    AC: 14    Str: 20    XL:     15   Next: 74%
Magic:  0/22       EV: 16    Int: 21    God:    Lugonu [******]
Gold:   118        SH:  0    Dex:  8    Spells: 12/14 levels left

rFire    . . .     SeeInvis .   a - +5 dire flail (freeze)
rCold    . . .     Faith    .   (shield currently unavailable)
rNeg     . . .     Spirit   +   X - +2 robe {rC+}
rPois    +         Reflect  .   v - +2 hat {Int+3}
rElec    .         Harm     .   B - +2 cloak
rCorr    .         Rampage  .   (gloves unavailable)
Will     ++++.     NoTele   +   (boots unavailable)
Stlth    +.........             C - amulet of guardian spirit
HPRegen  0.37/turn              s - ring of Pokk {rPois rC- Will+++ EV+4}
MPRegen  0.18/turn              z - +4 ring of protection

@: no status effects
A: large, unfitting armour, tough skin 1
a: Renounce Religion, Depart the Abyss, Bend Space, Banish, Corrupt, Enter the
Abyss


You were in a Gauntlet.
You worshipped Lugonu.
Lugonu was exalted by your worship.
You visited 3 branches of the dungeon, and saw 23 of its levels.
You visited the Abyss 1 time.
You also visited: Bailey and Gauntlet.

You collected 2142 gold pieces.
You spent 2024 gold pieces at shops.

Inventory:

Hand Weapons
 a - a +5 dire flail of freezing (weapon)
 h - a +8 giant spiked club of distortion
Missiles
 k - 3 curare-tipped darts
 p - 45 boomerangs (quivered)
 t - 35 poisoned darts
 N - a throwing net {!f}
Armour
 v - a +2 hat of intelligence (worn)
 B - a +2 cloak (worn)
 F - a scarf of invisibility
 Q - a +2 robe of fire resistance
 X - a +2 robe of cold resistance (worn)
Jewellery
 c - an uncursed ring of resist corrosion
 f - an uncursed ring of magical power {unknown}
 o - an uncursed ring of protection from fire
 s - the ring of Pokk (left hand) {rPois rC- Will+++ EV+4}
   (You bought it in a shop on level 6 of the Dungeon)

   [ring of evasion]

   It affects your evasion (+4).
   It makes you vulnerable to cold.
   It protects you from poison.
   It affects your willpower, your defense against some magical effects.
 z - a +4 ring of protection (right hand)
 C - an amulet of guardian spirit (around neck)
 L - an uncursed ring of protection from cold
 O - an uncursed ring of see invisible
Wands
 b - a wand of iceblast (10)
 q - a wand of enslavement (13)
 x - a wand of paralysis (19)
 y - a wand of disintegration (4)
 G - a wand of acid (25)
 Y - a wand of flame (41)
Scrolls
 g - 2 scrolls of fear
 w - 4 scrolls of identify
 D - 4 scrolls of fog
 J - 8 scrolls of remove curse
 P - a scroll of holy word
Potions
 d - a potion of resistance
 e - 2 potions of might {unknown}
 j - 6 potions of brilliance
 l - 2 potions of attraction
 m - a potion of berserk rage
 r - 5 potions of lignification
 u - 4 potions of curing
 K - a potion of heal wounds
 R - 2 potions of invisibility
 T - a potion of mutation
 U - a potion of magic
Miscellaneous
 H - a condenser vane


   Skills:
 - Level 14.0 Fighting
 + Level 18.5 Maces & Flails
 - Level 4.0 Armour
 - Level 6.0 Dodging
 - Level 10.0 Invocations
 - Level 6.0 Evocations


You had 12 spell levels left.
You knew the following spells:

 Your Spells              Type           Power        Failure   Level
a - Apportation           Tloc           0%           19%         1
b - Corona                Hex            0%           19%         1

Your spell library contained the following spells:

 Spells                   Type           Power        Failure   Level
 Animate Skeleton         Necr           0%           19%         1
 Beastly Appendage        Tmut           0%           19%         1
 Foxfire                  Conj/Fire      0%           19%         1
 Sting                    Tmut/Pois      0%           19%         1
 Summon Small Mammal      Summ           0%           19%         1
 Poisonous Vapours        Pois/Air       0%           26%         2
 Wereblood                Tmut           0%           26%         2
 Confusing Touch          Hex            0%           47%         3
 Conjure Flame            Conj/Fire      0%           47%         3
 Gell's Gravitas          Tloc           0%           47%         3
 Ignite Poison            Fire/Tmut/Pois 0%           47%         3
 Inner Flame              Hex/Fire       0%           47%         3
 Mephitic Cloud           Conj/Pois/Air  0%           47%         3
 Spider Form              Tmut/Pois      0%           47%         3
 Ice Form                 Ice/Tmut       0%           87%         4
 Olgreb's Toxic Radiance  Pois           0%           87%         4
 Petrify                  Tmut/Erth      0%           87%         4
 Sticky Flame             Conj/Fire      0%           87%         4
 Blade Hands              Tmut           0%           99%         5
 Fireball                 Conj/Fire      0%           99%         5
 Metabolic Englaciation   Hex/Ice        0%           99%         5
 Yara's Violent Unravell  Hex/Tmut       0%           99%         5


Dungeon Overview and Level Annotations

Branches:
Dungeon (15/15)            Temple (0/1) D:5            Lair (6/6) D:9
  Swamp (0/4) Lair:3        Snake (0/4) Lair:2        Slime (0/5) Lair:5
    Orc (2/2) D:11            Elf (0/3) Orc:2        Depths (0/5) D:15
 Bailey (visited)         Gauntlet (1/1)
 Vaults: D:13-14

Altars:
Ashenzari
Cheibriados
Dithmenos
Hepliaklqana
Makhleb
Ru
Sif Muna
Trog
Yredelemnul
The Shining One
Jiyva

Shops:
D:6 }(=   Orc:2 ?*?}*

Annotations:
D:11 2 runed translucent doors, UristMcRaven's ghost, journeyman DECj
Lair:1 2 transporters, exclusion: 2 oklob plants, arkorax's ghost, journeyman DsTm
Abyss:1 Saint Roka Gauntlet 9 transporters, 16 runed translucent doors


Innate Abilities, Weirdness & Mutations

You are too large for most types of armour.
You have tough skin. (AC +1)


Message History

The reaper hits you with a +2 scythe of protection!!!
* * * LOW HITPOINT WARNING * * *
Press: ? - help, Shift-Dir - straight line, f - reaper
Aim: a reaper, wielding a +2 scythe of protection (lightly wounded, chance to affect: 24%)
The reaper resists with almost no effort.
The hellwing hits you!
* * * LOW HITPOINT WARNING * * *
The hellwing barely misses you.
You feel much better. The hellwing closely misses you.
The hellwing barely misses you.
The reaper hits you with a +2 scythe of protection!!!
* * * LOW HITPOINT WARNING * * *
Unknown command.
Unknown command.
Okay, then.
You feel much better. The hellwing closely misses you.
The hellwing barely misses you.
The reaper shouts, "I have come for you, tilp!"
The reaper hits you with a +2 scythe of protection!!!
You die...

.......≈§...#.©.#.....#8#
......≈8≈...#...#.8...###
.......≈....#.©.#.....#
######...###########..###
..www#...#..+.©.+..#..#8#
.....#...#.^+...+^.#..###
.....#...#++#+#'#++#..#
.....#...#..+..4'..#..###
©....#...#..+...@..#..#8#
.....#...#++#...#2'#..###
.....#...#..#+++#..#..#
.....#...#.........#..###
©.)..#...#...=©("..#..#8#
######...###########..###
......................#
......≈∩≈............≈#
#######################


You could see a reaper and a hellwing.

Vanquished Creatures
  Gastronok (Lair:2)
  Donald (Orc:2)
  Snorg (Orc:1)
  An ettin (Orc:2)
  A fire dragon (Lair:6)
  A great orb of eyes (Gauntlet)
  7 hydras
  A catoblepas (Lair:4)
  Erica (D:10)
  A centaur warrior (D:13)
  10 two-headed ogres
  4 death yaks (Lair:5)
  6 orc high priests
  Nergalle (D:10)
  3 bog bodies (Lair:3)
  2 lindwurms
  10 orc knights
  2 orc sorcerers
  2 cyclopes (Orc:1)
  A manticore (D:14)
  3 ugly things
  A centaur zombie (D:10)
  7 elephants
  4 black mambas
  2 molten gargoyles (Lair:6)
  5 cane toads
  A torpor snail (Lair:6)
  A gargoyle (D:11)
  5 rime drakes
  14 komodo dragons
  A hellwing (Gauntlet)
  4 trolls
  2 polar bears
  3 hornets
  7 blink frogs
  8 slime creatures
  Sigmund (D:3)
  A shadow (D:12)
  7 wyverns
  A centaur simulacrum (D:14)
  Eustachio (D:5)
  2 basilisks (Lair:6)
  54 yaks
  Grum (Lair:1)
  A steam dragon (Lair:6)
  6 wargs
  2 swamp worms (Lair:3)
  4 nagas (Lair:2)
  Duvessa (D:7)
  5 hell hounds (Lair:6)
  14 water moccasins
  A meliai simulacrum (D:15)
  39 orc warriors
  3 ice beasts
  5 sky beasts
  30 ogres
  9 wolves
  3 centaurs
  19 bullfrogs
  Dowan (D:7)
  3 scorpions
  11 killer bees
  3 electric eels
  A jelly (D:11)
  17 wights
  5 howler monkeys
  5 lava snakes (Lair:6)
  2 centaur skeletons
  17 orc wizards
  2 bullfrog skeletons
  7 hounds
  30 orc priests
  Ijyb (D:3)
  5 iguanas
  7 worker ants
  A hound zombie (D:7)
  4 gnolls (D:11)
  15 adders
  3 shadow imps
  2 worms
  2 dart slugs
  5 leopard geckos
  86 orcs
  6 bats
  3 giant cockroaches
  13 goblins
  14 hobgoblins
  6 jackals
  3 quokkas
  A ball python (D:1)
  3 frilled lizards (D:2)
  5 kobolds
  9 rats
633 creatures vanquished.

Vanquished Creatures (others)
  A killer bee (D:12)
  36 fungi
  94 plants
131 creatures vanquished.

Grand Total: 764 creatures vanquished

Notes
Turn   | Place    | Note
-------+----------+-------------------------------------------
     0 | Abyss:1  | tilp the Ogre Abyssal Knight began the quest for the Orb.
     0 | Abyss:1  | Reached XP level 1. HP: 24/24 MP: 2/2
   123 | Abyss:1  | Noticed a large abomination
   123 | Abyss:1  | Noticed a thrashing horror
   123 | Abyss:1  | Noticed an ice devil
   124 | D:1      | Escaped the Abyss
   188 | D:1      | Reached skill level 2 in Maces & Flails
   309 | D:1      | Reached XP level 2. HP: 33/33 MP: 3/3
   622 | D:1      | Reached * piety under Lugonu
  1167 | D:1      | Reached XP level 3. HP: 40/40 MP: 4/4
  1590 | D:2      | Reached skill level 5 in Fighting
  1747 | D:2      | Reached XP level 4. HP: 43/50 MP: 5/5
  1857 | D:2      | Found a shimmering blue altar of Sif Muna.
  1926 | D:2      | Reached skill level 3 in Maces & Flails
  2017 | D:2      | Found a basalt altar of Yredelemnul.
  2019 | D:2      | Noticed a profane servitor
  2157 | D:2      | Found a glowing golden altar of the Shining One.
  2159 | D:2      | Noticed an angel
  2443 | D:2      | Reached ** piety under Lugonu
  2635 | D:3      | Noticed Ijyb
  2656 | D:3      | Killed Ijyb
  2657 | D:3      | Reached XP level 5. HP: 38/59 MP: 6/6
  3163 | D:3      | Noticed Sigmund
  3177 | D:3      | Killed Sigmund
  3178 | D:3      | Reached skill level 5 in Maces & Flails
  3178 | D:3      | Reached XP level 6. HP: 41/67 MP: 7/7
  3314 | D:3      | Found a snail-covered altar of Cheibriados.
  3317 | D:3      | Found a burning altar of Makhleb.
  4175 | D:5      | Entered Level 5 of the Dungeon
  4180 | D:4      | Reached XP level 7. HP: 49/75 MP: 8/8
  4320 | D:5      | Reached skill level 6 in Maces & Flails
  4895 | D:5      | Reached skill level 1 in Evocations
  5222 | D:5      | Found Raereul's Assorted Antiques.
  5426 | D:5      | Reached XP level 8. HP: 81/87 MP: 8/10
  5492 | D:5      | Found a staircase to the Ecumenical Temple.
  5878 | D:6      | Noticed Eustachio
  6406 | D:5      | Killed Eustachio
  6781 | D:6      | Found Kifreotseu's Gadget Shop.
  7258 | D:6      | Found Daqar's Weapon Boutique.
  7329 | D:6      | Found Umuopayre's Jewellery Emporium.
  7385 | D:6      | Reached XP level 9. HP: 82/97 MP: 9/12
  7785 | D:7      | Found a bloodstained altar of Trog.
  7821 | D:7      | Noticed Duvessa
  7834 | D:7      | Killed Duvessa
  7841 | D:7      | Noticed Dowan
  7878 | D:7      | Killed Dowan
  7947 | D:7      | Found a shimmering blue altar of Sif Muna.
  8028 | D:7      | Reached *** piety under Lugonu
  8061 | D:7      | Reached skill level 7 in Maces & Flails
  8323 | D:7      | Found a broken altar of Ashenzari.
  8761 | D:8      | Found a sacrificial altar of Ru.
  8852 | D:8      | Reached skill level 10 in Fighting
  9586 | D:7      | Reached skill level 8 in Maces & Flails
  9703 | D:8      | Reached XP level 10. HP: 107/113 MP: 13/13
 10000 | D:8      | Reached **** piety under Lugonu
 10162 | D:8      | Found a shadowy altar of Dithmenos.
 10363 | D:6      | Bought an uncursed ring of see invisible for 180 gold
                  | pieces
 10651 | D:9      | Noticed a two-headed ogre
 10656 | D:9      | Killed a two-headed ogre
 10657 | D:9      | Reached skill level 9 in Maces & Flails
 10683 | D:9      | Paralysed by a hornet for 3 turns
 10688 | D:9      | Reached skill level 10 in Maces & Flails
 11174 | D:9      | Found a hazy altar of Hepliaklqana.
 11261 | D:9      | Found a staircase to the Lair.
 11530 | D:9      | Reached XP level 11. HP: 124/124 MP: 14/14
 11775 | D:10     | Entered Level 10 of the Dungeon
 11791 | D:10     | Reached skill level 5 in Invocations
 11864 | D:10     | Noticed Nergalle
 11880 | D:10     | Noticed a spectral orc warlord
 11886 | D:10     | Killed Nergalle
 12013 | D:10     | Reached skill level 5 in Evocations
 12388 | D:10     | Noticed a two-headed ogre
 12388 | D:10     | Noticed a two-headed ogre
 12394 | D:10     | Noticed a two-headed ogre
 12397 | D:10     | Killed a two-headed ogre
 12400 | D:10     | Killed a two-headed ogre
 12403 | D:10     | Killed a two-headed ogre
 12403 | D:10     | Reached ***** piety under Lugonu
 12606 | D:10     | Noticed Erica
 12614 | D:10     | Killed Erica
 12734 | D:10     | Noticed a two-headed ogre
 12747 | D:10     | Killed a two-headed ogre
 12748 | D:10     | Reached skill level 11 in Maces & Flails
 13109 | D:11     | Found a flagged portal.
 13118 | Bailey   | Entered a bailey
 13118 | Bailey   | Noticed an orc knight
 13613 | D:11     | Noticed UristMcRaven's ghost (journeyman DECj)
 13613 | D:11     | Noticed a necromancer
 13615 | D:11     | Noticed a sphinx
 13624 | D:11     | Noticed a lich
 13683 | D:11     | Reached XP level 12. HP: 136/136 MP: 17/17
 13685 | D:11     | Learned a level 1 spell: Apportation
 13712 | D:11     | Learned a level 1 spell: Corona
 13782 | D:11     | Found a runed translucent door.
 13800 | D:11     | Noticed a two-headed ogre
 13806 | D:11     | Killed a two-headed ogre
 14947 | D:11     | Found a staircase to the Orcish Mines.
 15145 | D:11     | Noticed a four-headed hydra
 15147 | D:11     | Found a runed translucent door.
 15206 | D:11     | Noticed a two-headed ogre
 15213 | D:11     | Killed a two-headed ogre
 15444 | D:12     | Noticed a two-headed ogre
 15451 | D:12     | Killed a two-headed ogre
 15452 | D:12     | Reached skill level 12 in Maces & Flails
 15840 | D:12     | Noticed a two-headed ogre
 15847 | D:12     | Killed a two-headed ogre
 16492 | Orc:1    | Entered Level 1 of the Orcish Mines
 16582 | Orc:2    | Entered Level 2 of the Orcish Mines
 16583 | Orc:2    | Noticed Donald
 16813 | Lair:1   | Entered Level 1 of the Lair of Beasts
 17006 | Lair:1   | Identified the +5 trident of Drought {antimagic, rC+}
 17006 | Lair:1   | Identified the +4 trident "Eqiecw" {antimagic, rC+}
 17066 | Lair:1   | Found a bloodstained altar of Trog.
 17080 | Lair:1   | Noticed arkorax's ghost (journeyman DsTm)
 17093 | Lair:1   | Reached skill level 13 in Maces & Flails
 17115 | Lair:1   | Found a transporter.
 17411 | Lair:1   | Noticed Grum
 17460 | Lair:1   | Killed Grum
 17876 | Lair:1   | Reached XP level 13. HP: 101/146 MP: 12/19
 18442 | Lair:1   | Reached skill level 14 in Maces & Flails
 18639 | Lair:1   | Found a transporter.
 18748 | Lair:1   | Got a brightly glowing hand crossbow
 18750 | Lair:1   | Identified the cursed +0 hand crossbow "Komoxoczatt" {elec,
                  | *Contam Will+ Stlth+} (You found it on level 1 of the Lair
                  | of Beasts)
 19032 | Lair:2   | Found a staircase to the Snake Pit.
 19136 | Lair:2   | Reached skill level 1 in Armour
 19366 | Lair:2   | Noticed Gastronok
 19891 | D:6      | Bought the ring of Pokk {rPois rC- Will+++ EV+4} for 616
                  | gold pieces
 20295 | Lair:2   | Killed Gastronok
 20891 | Lair:3   | Reached skill level 5 in Dodging
 22283 | Lair:3   | Found a staircase to the Swamp.
 24114 | Lair:5   | Identified the +3 war axe "Arrogh" {protect, rPois} (You
                  | found it on level 5 of the Lair of Beasts)
 24167 | Lair:5   | Reached XP level 14. HP: 139/156 MP: 18/21
 24210 | Lair:5   | Reached ****** piety under Lugonu
 24257 | Lair:5   | Reached skill level 10 in Invocations
 24814 | Lair:5   | Found a viscous altar of Jiyva.
 24815 | Lair:5   | Found a staircase to the Slime Pits.
 24923 | Lair:5   | Reached skill level 15 in Maces & Flails
 25093 | Lair:6   | Entered Level 6 of the Lair of Beasts
 26598 | Lair:6   | Reached skill level 16 in Maces & Flails
 27347 | Lair:6   | Found a large runed translucent door.
 27715 | Lair:6   | Found a large runed translucent door.
 28091 | D:6      | Bought a condenser vane for 480 gold pieces
 28220 | Orc:2    | Paralysed by an orc sorcerer for 2 turns
 28385 | Orc:2    | Killed Donald
 29057 | Orc:2    | Found Supnimuw's Magic Scroll Shoppe.
 29412 | Orc:2    | Found a staircase to the Elven Halls.
 29472 | Orc:2    | Noticed Snorg
 29813 | Orc:2    | Reached skill level 17 in Maces & Flails
 29813 | Orc:2    | Reached XP level 15. HP: 141/163 MP: 17/22
 29892 | Orc:1    | Killed Snorg
 30239 | Orc:2    | Noticed Saint Roka
 30547 | Orc:2    | Banished Saint Roka
 33447 | Orc:2    | Reached skill level 18 in Maces & Flails
 33447 | Orc:2    | Identified a +3 giant spiked club of distortion (a +1 giant
                  | spiked club corrupted by Lugonu)
 33447 | Orc:2    | Received a gift from Lugonu
 34550 | Orc:2    | Found Yhoewn's General Store.
 34553 | Orc:2    | Found Noeklie's General Store.
 34554 | Orc:2    | Found Cysia's Magic Scroll Emporium.
 34555 | Orc:2    | Found Ohiypaem's Gadget Shoppe.
 34566 | Orc:2    | Bought 3 scrolls of enchant weapon for 382 gold pieces
 34566 | Orc:2    | Bought a scroll of enchant weapon for 127 gold pieces
 34566 | Orc:2    | Bought a scroll of enchant weapon for 127 gold pieces
 34754 | Orc:2    | Bought a scroll of blinking for 112 gold pieces
 35146 | D:13     | You fall into a shaft and drop 2 floors!
 35146 | D:15     | Entered Level 15 of the Dungeon
 35196 | D:14     | Found a gate leading to a gauntlet.
 35253 | Gauntlet | Entered a Gauntlet
 35253 | Gauntlet | Found a transporter.
 35253 | Gauntlet | Found a transporter.
 35253 | Gauntlet | Found a transporter.
 35380 | Gauntlet | Found a transporter.
 35390 | Gauntlet | Found a transporter.
 35405 | Gauntlet | Found a transporter.
 35415 | Gauntlet | Found a transporter.
 35430 | Gauntlet | Found a transporter.
 35436 | Gauntlet | Found a transporter.
 35446 | Gauntlet | Found a large runed translucent door.
 35447 | Gauntlet | Found a large runed translucent door.
 35448 | Gauntlet | Found a large runed translucent door.
 35448 | Gauntlet | Found a large runed translucent door.
 35449 | Gauntlet | Found a runed translucent gate.
 35450 | Gauntlet | Found a large runed translucent door.
 35450 | Gauntlet | Found a large runed translucent door.
 35450 | Gauntlet | Found a runed translucent door.
 35451 | Gauntlet | Found a large runed translucent door.
 35452 | Gauntlet | Found a large runed translucent door.
 35483 | Gauntlet | Found a transporter.
 35483 | Gauntlet | Found a runed translucent gate.
 35483 | Gauntlet | Found a transporter.
 35484 | Gauntlet | Found a runed translucent door.
 35484 | Gauntlet | Found a runed translucent gate.
 35484 | Gauntlet | Found a transporter.
 35493 | Gauntlet | Found a large runed translucent door.
 35493 | Gauntlet | Found a large runed translucent door.
 35494 | Gauntlet | Found a large runed translucent door.
 35495 | Gauntlet | Found a large runed translucent door.
 35504 | Gauntlet | Found a large runed translucent door.
 35504 | Gauntlet | Found a large runed translucent door.
 35505 | Gauntlet | Found a large runed translucent door.
 35506 | Gauntlet | Found a large runed translucent door.
 35890 | Gauntlet | HP: 1/163 [reaper/+2 scythe of protection (40)]
 35891 | Gauntlet | Annihilated by a reaper

Illustrated notes

Levels and vault maps discovered:
D:1:      enne_arrival_octagon_isle, layout_basic
D:2:      layout_basic, grunt_temple_overflow_holy_war, led_sif_pool,
          minmay_small_reverse_x
D:3:      layout_rooms, gammafunk_temple_overflow_statue, uniq_sigmund,
          uniq_ijyb
D:4:      layout_cave_pools, serial_rivers, chequers_serial_rivers_room_b,
          chequers_serial_rivers_small_b, chequers_serial_rivers_micro_e,
          chequers_serial_rivers_micro_b, chequers_serial_rivers_room_a,
          chequers_serial_rivers_small_b
D:5:      layout_rooms, minmay_temple_entry_antechambers, serial_shops,
          nicolae_shop_temple_entry_statues_fountains
D:6:      layout_rooms, serial_shops, shop, shop_statue, shop, uniq_eustachio
D:7:      layout_rooms, bloody_trog, kennysheep_mini_moat, basic_altar,
          lightli_orcish_oven, uniq_duvessa
D:8:      layout_rooms, marbit_many_paths, old_standard_altar, sigmund_army
D:9:      layout_basic, nzn_hepliaklqana_mist_gate, david_lair_shrubbed
D:10:     lemuel_ogre_cave, layout_rooms, uniq_erica, uniq_nergalle
D:11:     layout_irregular_city, erik_orc_2, muffindrake_ghost_dual_entry,
          enter_bailey_3, grunt_ogre_cave, kennysheep_path_1
D:12:     layout_roguey, lemuel_flamethrower_1
D:13:     layout_small_grid, uniq_rupert
D:14:     layout_cave_pools, grunt_vaults_entry_tiered, elyvilon_altar_4,
          serial_column_ruins, column_ruins_hut, column_ruins_columns_straight,
          column_ruins_grid_1, column_ruins_grid_1,
          column_ruins_corridor_straight, column_ruins_open_medium,
          column_ruins_grid_2, column_ruins_open_small, gauntlet_entry_generic
D:15:     grunt_enter_depths_snipers, layout_loops_ring, serial_shops, shop,
          shop_fountains, nicolae_shop_waterfront, minmay_tree_intersection
Lair:1:   layout_concentric_octagons, gammafunk_ghost_wrathful_warriors,
          hangedman_lair_generics_rect, lemuel_fruit_fields,
          infiniplex_staircase_pool_2, lemuel_fruit_tree,
          minmay_lair_oklob_chamber, uniq_grum
Lair:2:   layout_gridlike, minmay_snake_entry_guardpost_small, uniq_gastronok
Lair:3:   layout_cave_pods, nicolae_swamp_entry_splash_gauntlet
Lair:4:   layout_hall_layers
Lair:5:   layout_loops_ring, dpeg_slime_entry_enclosed_altar, minivault_23,
          serial_bayou_ford_a, infiniplex_staircase_pool
Lair:6:   cheibrodos_lair_end_hotspot, layout_regular_city
Orc:1:    layout_diamond_mine
Orc:2:    st_orc_pillars, layout_caves, serial_shops, shop, uniq_donald,
          uniq_snorg, uniq_saint_roka
Gauntlet: gammafunk_gauntlet_shortcut [gammafunk_gauntlet_arena_grid,
          minmay_gauntlet_arena_make_your_own_arena,
          gammafunk_gauntlet_arena_crates, gammafunk_gauntlet_arena_mazey,
          gammafunk_gauntlet_arena_hedges, gammafunk_gauntlet_arena_open,
          gauntlet_exit_green]

Skill      XL: |  1  2  3  4  5  6  7  8  9 10 11 12 13 14 15 |
---------------+----------------------------------------------+-----
Maces & Flails | 2 3 5 6 8 10 11 13 14 17 18 | 18.5
Fighting       | 5 6 7 8 11 12 13 14 | 14.0
Evocations     | 2 4 6 |  6.0
Invocations    | 3 4 7 8 9 10 | 10.0
Dodging        | 3 4 6 |  6.0
Armour         | 4 |  4.0

Action                   |  1- 3 |  4- 6 |  7- 9 | 10-12 | 13-15 || total
-------------------------+-------+-------+-------+-------+-------++-------
Melee: Mace              |    97 |   126 |   156 |       |       ||   379
       Morningstar       |       |       |   151 |       |       ||   151
       Dire flail        |       |       |    33 |   580 |  1222 ||  1835
Throw: Stone             |    20 |       |     3 |       |       ||    23
       Dart              |       |    20 |    69 |    49 |    37 ||   175
       Boomerang         |       |       |    16 |       |    37 ||    53
       Javelin           |       |       |     4 |       |       ||     4
 Cast: Apportation       |       |       |       |       |     8 ||     8
Invok: Depart the Abyss  |     1 |       |       |       |       ||     1
       Bend Space        |       |       |     1 |     2 |     3 ||     6
       Banish            |       |       |       |       |     4 ||     4
       Brand Weapon With |       |       |       |       |     1 ||     1
 Abil: Evoke Flight      |       |       |       |     1 |       ||     1
Evoke: Wand              |       |     6 |     4 |     9 |    11 ||    30
       Condenser vane    |       |       |       |       |     1 ||     1
  Use: Scroll            |     5 |    11 |     5 |     9 |    21 ||    51
       Potion            |       |       |     4 |     2 |     9 ||    15
 Stab: Paralysed         |       |    20 |       |     1 |       ||    21
Armor: Robe              |    23 |    29 |   105 |   157 |   202 ||   516
       Skin              |       |       |       |    26 |       ||    26
Dodge: Dodged            |    49 |    64 |   148 |   242 |   580 ||  1083

Table legend: (Time is in decaauts)
 A = Elapsed time spent in this place.
 B = Non-inter-level travel time spent in this place.
 C = Inter-level travel time spent in this place.
 D = Time resting spent in this place.
 E = Time spent auto-exploring this place.
 F = Levels seen in this place.
 G = Mean time per level.
                   A        B        C        D        E       F      G
               +--------+--------+--------+--------+--------+-----+--------+
         Total |  35428 |  33430 |   1998 |  13706 |  14343 |  26 | 1362.6 |
       Dungeon |  17715 |  16534 |   1181 |   5797 |   7997 |  15 | 1181.0 |
          Lair |  10235 |   9738 |    497 |   3868 |   4514 |   6 | 1705.8 |
  Orcish Mines |   6716 |   6397 |    319 |   3900 |   1437 |   2 | 3358.0 |
         Abyss |    124 |    124 |      0 |      0 |    122 |   1 |  124.0 |
        Bailey |     10 |     10 |      0 |      0 |      0 |   1 |   10.0 |
      Gauntlet |    625 |    625 |      0 |    140 |    273 |   1 |  625.0 |
               +--------+--------+--------+--------+--------+-----+--------+

Top non-repeatable levels by time:
   Orc:1: 4292 daAuts
  Lair:6: 2712 daAuts
    D:11: 2519 daAuts
   Orc:2: 2424 daAuts
     D:6: 2261 daAuts
  Lair:3: 2073 daAuts
     D:5: 1883 daAuts
  Lair:2: 1834 daAuts
  Lair:1: 1725 daAuts
     D:9: 1654 daAuts
     D:8: 1424 daAuts
    D:10: 1285 daAuts
  Lair:5: 1279 daAuts
     D:1: 1223 daAuts
     D:2: 1213 daAuts
